[Event "Late-Titled-Tuesday-Blitz-February-27-2024"]
[Site "Chess.com"]
[Date "2024.02.27"]
[Round "7"]
[White "DonMicheleCorleone"]
[Black "NateSolon"]
[Result "0-1"]
[WhiteElo "2532"]
[BlackElo "2691"]
[TimeControl "180+1"]
[EndTime "15:17:20 PST"]
[Termination "NateSolon won by resignation"]

1. e4 c5 2. Nc3 Nc6 3. Nf3 e5 4. Bc4 Be7 5. d3 d6 6. O-O Nf6 7. Ng5 O-O 8. f4 Bg4 9. Qe1 exf4 10. Bxf4 h6 11. Nf3 Qd7 12. Rc1 Rad8 13. Nd5 Nxd5 14. Bxd5 Be6 15. Qg3 Kh8 16. Rce1 Bxd5 17. exd5 Nb4 18.
Bxh6 gxh6 19. Qf4 Kh7 20. Qe4+ Kg7 21. c3 Nxd5 22. Qxd5 Bf6 23. Re4 Kh8 24. Qh5 Bg7 25.
Nh4 Rde8 26. Nf5 Rxe4 27. dxe4 Qe6 28. Rf4 Rg8 29. Rg4 Bf8 30. Rh4 Rg6 31. h3 d5 32.
exd5 Qxd5 33. Rg4 Qd1+ 34. Kh2 Bd6+ 35. Nxd6 Qxd6+ 36. Kh1 Qd1+ 37. Kh2 Qd6+ 38. Kg1 Kg7 39. Rxg6+ fxg6 40. Qf3 Qe7 41. Qf2 b6 42. Kf1 Qe6 43. Qe2 Qxa2 44. c4 Qb1+ 45. Kf2 Qf5+ 46. Kg3 Kf6 47.
Qe8 Qe5+ 48. Qxe5+ Kxe5 49. h4 h5 50. Kf3 Kf5 51. b3 a6 52. g3 b5 53. Kf2 bxc4 54.
bxc4 a5 55. Ke3 a4 56. Kd3 Kg4 57. Kc3 Kxg3 58. Kb2 Kxh4 0-1

[Event "Late-Titled-Tuesday-Blitz-February-27-2024"]
[Site "Chess.com"]
[Date "2024.02.27"]
[Round "7"]
[White "egnfanclub"]
[Black "djano"]
[Result "0-1"]
[WhiteElo "2403"]
[BlackElo "2580"]
[TimeControl "180+1"]
[EndTime "15:17:20 PST"]
[Termination "djano won by resignation"]

1. e4 c5 2. Nc3 Nc6 3. f4 e6 4.
Nf3 d5 5. Bb5 Ne7 6. exd5 exd5 7. Qe2 f6 8. Bxc6+ bxc6 9. O-O Kf7 10. b3 Nf5 11. Qf2 c4 12. g4 Nh6 13. g5 Nf5 14.
Bb2 Qb6 15. Na4 Qxf2+ 16. Kxf2 Bd6 17. gxf6 gxf6 18. Ng5+ Kg6 19. Nh3 Ba6 20. Rae1 cxb3 21. Rg1+ Kf7 22. axb3 Rhg8 23. Rxg8 Rxg8 24. Ra1 Bc8 25.
Rg1 Re8 26. Re1 Rxe1 27. Kxe1 Nh4 28. Nf2 Nf3+ 29. Ke2 Nxh2 30. Ke3 h5 31. Bd4 a6 32. Nc5 h4 33. b4 Nf1+ 34. Ke2 Ng3+ 35. Kf3 Nf5 36. c3 Ne7 37. Ng4 Ng8 38. Nh2 Kg6 39. Nd3 Ne7 40. Nf2 Kh5 41. Bxf6 Nf5 42. Be5 Be7 43. Nhg4 Ng3 44. Nf6+ Kg6 45. Ne8 Nf1 46.
Nd6 Bxd6 47. Bxd6 Nxd2+ 48. Kg2 Nc4 49. Be5 Nxe5 50. fxe5 Kf5 51. Kh3 Kxe5+ 52. Kxh4 Kf4 53. Nd3+ Ke3 54. Nc5 Kd2 55. Na4 Kc2 56. Kg5 Kb3 57. Nb6 Bh3 58. Kf6 Kxc3 59. Ke7 Kxb4 60. Kd6 d4 61. Nc4 Kxc4 0-1

[Event "Late-Titled-Tuesday-Blitz-February-27-2024"]
[Site "Chess.com"]
[Date "2024.02.27"]
[Round "7"]
[White "Nf3c5"]
[Black "pr1105"]
[Result "1-0"]
[WhiteElo "2548"]
[BlackElo "2346"]
[TimeControl "180+1"]
[EndTime "15:17:20 PST"]
[Termination "Nf3c5 won by resignation"]

1. e4 e5 2. Nf3 Nc6 3. Nc3 Nf6 4. h3 Bb4 5. Nd5 Nxd5 6. exd5 e4 7. dxc6 exf3 8. Qxf3 dxc6 9. c3 Bd6 10. d4 O-O 11.
Bd3 Bd7 12. O-O Qh4 13. Bd2 Rae8 14. Rae1 a5 15. Re3 a4 16. Rfe1 Rxe3 17. Rxe3 Qf4 18.
g4 Qxf3 19. Rxf3 Be6 20. c4 c5 21. d5 Bd7 22. Bc3 Re8 23. Kf1 f6 24. Re3 c6 25.
Be4 Kf8 26. Ke2 cxd5 27. Bxd5 b5 28. cxb5 Bxb5+ 29. Kf3 Rxe3+ 30. Kxe3 Ke7 31. Be4 Bd7 32. Bxh7 Be6 33. a3 Bb3 34. f4 c4 35. Bg8 Bc5+ 36. Kf3 Kd6 37. Bh7 Bg1 38. Kg2 Be3 39. Kg3 Bc1 40.
Be4 Ke7 41. h4 Ke6 42. g5 fxg5 43. fxg5 Kf7 44. Kg4 g6 45. Bf3 Bc2 46. h5 Bf5+ 47. Kh4 gxh5 48. Kxh5 Bg6+ 49. Kh4 Bd3 50. Bh5+ Ke6 51.
Bg4+ Kf7 52. Bd1 Kg6 53. Bf6 c3 54. bxc3 Bxa3 55. Bxa4 Bc5 56. Be8+ Kh7 57. Bh5 Bg6 58. Bxg6+ Kxg6 59. Kg4 Bf2 60. c4 Bg1 61. Kf4 Bc5 62. Ke4 Kf7 63. Kd5 Bf2 64. c5 1-0

[Event "Late-Titled-Tuesday-Blitz-February-27-2024"]
[Site "Chess.com"]
[Date "2024.02.27"]
[Round "7"]
[White "thesupera12"]
[Black "MiguelEduardoGB"]
[Result "1/2-1/2"]
[WhiteElo "2452"]
[BlackElo "2160"]
[TimeControl "180+1"]
[EndTime "15:17:23 PST"]
[Termination "Game drawn - insufficient material"]

1. f4 c6 2. e4 d5 3. d3 dxe4 4. dxe4 Qxd1+ 5. Kxd1 Bg4+ 6. Be2 Bxe2+ 7. Nxe2 Nd7 8.
Nbc3 O-O-O 9. Be3 Nb6+ 10. Kc1 e6 11. a4 Kb8 12. a5 Nc4 13. Bf2 Nf6 14. a6 b6 15. b3 Na5 16. Kb2 Bb4 17. Rhd1 Ng4 18. Bg1 f5 19. h3 Nf6 20. exf5 exf5 21. Nd4 Bxc3+ 22. Kxc3 Ne4+ 23. Kb2 Kc8 24. Nxf5 Rdf8 25. Ne7+ Kb8 26. Rxa5 bxa5 27. Nxc6+ Kc7 28. Nxa7 Ra8 29.
Nb5+ Kc6 30. Nd4+ Kc7 31. Ne6+ Kc6 32. a7 Rhe8 33. Nxg7 Re7 34. Nf5 Rd7 35. Nd4+ Kb7 36. Re1 Nc5 37. Nb5 Ka6 38. Bxc5 Kxb5 39. Bf2 a4 40. Re5+ Kc6 41. bxa4 Rb7+ 42. Kc3 Rd7 43. Re6+ Kd5 44. Re4 Kxe4 45. Bb6 Rc7+ 46. Bxc7 Rxa7 47. Bb6 Rxa4 48. Kb3 Ra8 49. c4 Rb8 50. c5 Kd5 51. Kb4 Kc6 52. Ka5 Re8 53. f5 Rf8 54. g4 h5 55. gxh5 Rxf5 56. h6 Rh5 57. Bd8 Rxh6 58. Be7 Rxh3 59. Bd6 Rh5 60. Kb4 Rd5 61. Kc4 Rxd6 62.
cxd6 Kxd6 1/2-1/2

[Event "Late-Titled-Tuesday-Blitz-February-27-2024"]
[Site "Chess.com"]
[Date "2024.02.27"]
[Round "7"]
[White "ckgchess"]
[Black "vugarrasulov"]
[Result "1-0"]
[WhiteElo "2892"]
[BlackElo "2985"]
[TimeControl "180+1"]
[EndTime "15:17:24 PST"]
[Termination "ckgchess won on time"]

1. e4 e5 2. Nf3 Qe7 3. Nc3 c6 4. d4 d6 5. a4 h6 6. a5 Nf6 7. Bc4 Qc7 8. h3 Be7 9. O-O Nbd7 10.
Re1 g5 11. d5 Nf8 12. Bb3 cxd5 13. Nxd5 Nxd5 14. exd5 Ng6 15. Ba4+ Kf8 16. b4 g4 17. hxg4 Bxg4 18. Qd3 Rc8 19. a6 b6 20. Bc6 Bf6 21. Qe4 Bd7 22. b5 Kg7 23. c4 h5 24. Ra3 Rcg8 25. Nh2 Bc8 26. Rf3 Qe7 27. Kh1 Kf8 28. Ba3 Nh4 29. Rxf6 Qxf6 30. Qxe5 Qxe5 31. Rxe5 Nf5 32. Nf3 Kg7 33. Re4 h4 34. Bb2+ f6 35. Kh2 Kf7 36. Rf4 Rg6 37. Nd4 Ne7 38. Nf3 Nf5 39.
Nd4 Nh6 40. Ne6 Ng4+ 41. Kg1 h3 42. g3 h2+ 43. Kh1 Bxe6 44. dxe6+ Ke7 45. Bd4 Ne5 46. Bd5 Ng4 47. Bf3 Ne5 48. Be4 Rg5 49. Bd5 Rhg8 50.
Rh4 R8g7 51. Rxh2 Ng4 52. Rh8 Rf5 53. Kg2 Ne5 54. Ra8 1-0

[Event "Late-Titled-Tuesday-Blitz-February-27-2024"]
[Site "Chess.com"]
[Date "2024.02.27"]
[Round "7"]
[White "sotochess"]
[Black "Alex_Sahakyan2006"]
[Result "0-1"]
[WhiteElo "2650"]
[BlackElo "2817"]
[TimeControl "180+1"]
[EndTime "15:17:26 PST"]
[Termination "Alex_Sahakyan2006 won by resignation"]

1. e4 Nc6 2. Nf3 d6 3. d4 Nf6 4. d5 Nb8 5. Bd3 g6 6. O-O Bg7 7. Re1 O-O 8. h3 c6 9. c4 Na6 10. Nc3 Nc5 11. Bc2 a5 12. Be3 Ncd7 13. Qd2 Nc5 14.
e5 Nfd7 15. Bh6 Nxe5 16. Nxe5 Bxe5 17. Bxf8 Qxf8 18. Rad1 Bd7 19. Rxe5 dxe5 20. Qe3 e6 21. Qxe5 exd5 22. cxd5 Re8 23. Qd4 b6 24. h4 Qg7 25.
Qf4 Qe5 26. Qf3 h5 27. Qg3 Qxg3 28. fxg3 Bg4 29. Rd2 Rd8 30. Kf2 Be6 31. Bd1 cxd5 32. Ke3 Re8 33. Bf3 Bf5+ 34. Kf4 d4 35. Rxd4 Ne6+ 36.
Ke5 Nxd4+ 37. Kxd4 Kg7 38. Nd5 Re6 39. a3 f6 40. b4 axb4 41. axb4 Kf7 42. Ne3 Rd6+ 43.
Kc4 Bd3+ 44. Kc3 Bb5 45. Bd5+ Ke7 46. Be4 f5 47. Bc2 Kf6 48. Bb1 Ke5 49. Bc2 Rc6+ 50. Kd2 Kd4 51. Bb1 Ba4 52. Bd3 Rc3 53. Bxf5 Rxe3 54.
Bxg6 Rxg3 55. Bxh5 Rxg2+ 56. Ke1 Rh2 0-1

[Event "Late-Titled-Tuesday-Blitz-February-27-2024"]
[Site "Chess.com"]
[Date "2024.02.27"]
[Round "7"]
[White "Grischuk"]
[Black "KaydenTroffChess"]
[Result "1-0"]
[WhiteElo "3045"]
[BlackElo "2814"]
[TimeControl "180+1"]
[EndTime "15:17:27 PST"]
[Termination "Grischuk won by resignation"]

1. d4 Nf6 2. c4 g6 3. g3 Bg7 4.
Bg2 O-O 5. Nc3 c6 6. e4 d6 7. Nf3 Qa5 8. O-O Qh5 9. Qd2 Bh3 10.
Qg5 Bxg2 11. Kxg2 Qxg5 12. Bxg5 Nbd7 13. h3 h6 14. Be3 Rfe8 15. Rfd1 e5 16. d5 cxd5 17.
cxd5 a6 18. Nd2 Rac8 19. a4 Nc5 20. a5 Nd3 21. Rdb1 Re7 22. Ra3 Nb4 23. Ra4 Nc2 24. Bb6 Nd7 25. Nc4 Nxb6 26. Nxb6 Rcc7 27. Rc4 Bf8 28. Rc1 Nd4 29. Nca4 Nb5 30. Nc8 Red7 31.
Nab6 Rxc4 32. Rxc4 Rc7 33. Rxc7 Nxc7 34. f4 exf4 35.
gxf4 f5 36. e5 Nb5 37. e6 Bg7 38. Nc4 Kf8 39. N8xd6 Ke7 40. Nxb7 Bd4 41. b4 Nc7 42.
d6+ Kxe6 43. dxc7 Kd7 44. Nc5+ Bxc5 45. bxc5 Kxc7 46. Ne5 g5 47. Kg3 Kb7 48. fxg5 hxg5 49. h4 f4+ 50. Kg4 gxh4 51. Kxh4 Kc7 52. Kg4 Kd8 53.
Kf3 Ke7 54. Kxf4 Ke6 55. Ke4 Ke7 56. Kd5 Kd8 57. Kc6 Kc8 58. Kb6 Kb8 59. Kxa6 Ka8 60. Kb6 Kb8 61. a6 Ka8 62. c6 Kb8 63. Nd3 Kc8 64.
a7 1-0

[Event "Late-Titled-Tuesday-Blitz-February-27-2024"]
[Site "Chess.com"]
[Date "2024.02.27"]
[Round "7"]
[White "GiorgianBarbosa"]
[Black "Yurovskykh_Oleksandr"]
[Result "0-1"]
[WhiteElo "2529"]
[BlackElo "2679"]
[TimeControl "180+1"]
[EndTime "15:17:27 PST"]
[Termination "Yurovskykh_Oleksandr won on time"]

1. e4 e6 2. d4 d5 3. exd5 exd5 4. Nf3 Bd6 5. Bd3 Nc6 6. c3 Nge7 7. O-O Bf5 8. Bxf5 Nxf5 9. Re1+ Nfe7 10. Bg5 f6 11. Bh4 O-O 12. Bg3 Bxg3 13. hxg3 Qd7 14. Qb3 b6 15.
Nbd2 Rfe8 16. Nf1 Na5 17. Qc2 Nc4 18. Ne3 Nxe3 19. Rxe3 Nf5 20. Rxe8+ Rxe8 21. Re1 Rxe1+ 22. Nxe1 Nd6 23. f3 h5 24. Kf2 Kf7 25. Qh7 Qf5 26. Qxf5 Nxf5 27. Nd3 c6 28. Nb4 Ne7 29. Nd3 g5 30.
Ne1 Ke6 31. Nd3 Kd6 32. Ne1 c5 33. Nc2 Nf5 34. dxc5+ bxc5 35. b4 Kc6 36. a4 a6 37.
Ne3 Nxe3 38. Kxe3 d4+ 39. Kd3 dxc3 40. Kxc3 h4 41. g4 Kb6 42. Kc4 cxb4 43. Kxb4 a5+ 44. Kc4 Kc6 45. Kd4 Kd6 46. Kc4 Ke5 47. Kb5 Kf4 48. Kxa5 Kg3 49. Kb4 Kxg2 50. a5 h3 51. a6 h2 52. a7 h1=Q 53. a8=Q Qb1+ 54. Kc3 Qe1+ 55. Kd3 Qf1+ 56. Ke3 Qf2+ 57. Kd3 Qxf3+ 58. Kd2 Qxa8 0-1

[Event "Late-Titled-Tuesday-Blitz-February-27-2024"]
[Site "Chess.com"]
[Date "2024.02.27"]
[Round "7"]
[White "Msb2"]
[Black "Fandorine"]
[Result "1-0"]
[WhiteElo "3034"]
[BlackElo "2908"]
[TimeControl "180+1"]
[EndTime "15:17:29 PST"]
[Termination "Msb2 won on time"]

1. d4 Nf6 2. c4 e6 3. Nc3 Bb4 4. e3 b6 5. Bd3 Bb7 6. Nf3 Bxc3+ 7. bxc3 Ne4 8. O-O f5 9. Nd2 Nxd2 10. Bxd2 O-O 11. f3 Qh4 12. a4 Nc6 13. c5 Rf6 14.
Qe1 Qh5 15. e4 Ne7 16. Qg3 Rc8 17. a5 Rg6 18. Qf2 bxc5 19. Rab1 Bc6 20. Kh1 Rf8 21. Qe3 h6 22. a6 Rgf6 23. Rg1 fxe4 24. fxe4 Ng6 25.
Qg3 Nh4 26. Rbe1 Rg6 27. Qh3 Qg4 28. Qxg4 Rxg4 29. Re3 Rf2 30. Be1 Rfxg2 31. Rf1 c4 32. Bb1 Rb2 33. Bg3 Rxb1 34. Rxb1 Bxe4+ 35. Rxe4 Rxe4 36. Bxh4 Rxh4 37. Rb7 Re4 38. Rxa7 Re1+ 39. Kg2 Ra1 40. Kf3 Kf7 41. Rxc7 Rxa6 42. Rxd7+ Kf6 43. Rc7 Ra2 44.
Rxc4 Rxh2 45. Rc6 Kf5 46. Rc5+ Kf6 47. Rc6 Rh3+ 48. Ke4 Rh4+ 49. Kd3 Ke7 50. Rc7+ Kf6 51. Rc6 Kf5 52. Rc5+ Kf4 53. Re5 Rh3+ 54. Kd2 g5 55.
Rxe6 g4 56. d5 g3 57. Rg6 Rh5 58. c4 Rg5 59. Rxg5 hxg5 60. Ke2 Kg4 61. Kf1 Kh3 62. Kg1 1-0

[Event "Late-Titled-Tuesday-Blitz-February-27-2024"]
[Site "Chess.com"]
[Date "2024.02.27"]
[Round "7"]
[White "Supelyel"]
[Black "chessydotcom"]
[Result "0-1"]
[WhiteElo "2413"]
[BlackElo "2301"]
[TimeControl "180+1"]
[EndTime "15:17:30 PST"]
[Termination "chessydotcom won by resignation"]

1. c4 e6 2. Nc3 d5 3. cxd5 exd5 4. d4 c5 5. Nf3 Nc6 6. g3 Nf6 7. Bg2 cxd4 8. Nxd4 Bc5 9. Nxc6 bxc6 10. O-O O-O 11. a3 Re8 12. b4 Bb6 13. Na4 Ba6 14. Re1 Ne4 15. Nxb6 axb6 16. Be3 Qc7 17. Rc1 Qb7 18. a4 Qe7 19. Qb3 Bc4 20. Qa3 Bb5 21. Bxe4 Qxe4 22. a5 d4 23. Bf4 bxa5 24. bxa5 Bxe2 25. Qc5 d3 26. Qxc6 Qxc6 27. Rxc6 Rxa5 28. Rd6 Rea8 29.
Kg2 f6 30. h4 Ra1 31. Rxa1 Rxa1 32. Be3 Kf7 33. g4 Ra3 34. g5 fxg5 35. hxg5 Ra8 36. Rd4 Ke6 37. Kg3 Rf8 38. Re4+ Kd5 39. Rd4+ Kc6 40.
Rc4+ Kb5 41. Rd4 Rf3+ 42. Kg2 Rf5 43. Kg3 Kc6 44. Kg2 Rd5 45. Rxd5 Kxd5 46. Bd2 Kc4 47. f3 Kb3 48. Kf2 Kc2 49. Ke3 Bxf3 50. Be1 Bh5 51.
Bd2 Bg6 52. Be1 h6 53. gxh6 gxh6 54. Ba5 h5 55. Be1 Kd1 56. Ba5 Be8 57. Kf4 Ke2 0-1

[Event "Late-Titled-Tuesday-Blitz-February-27-2024"]
[Site "Chess.com"]
[Date "2024.02.27"]
[Round "7"]
[White "Djager97"]
[Black "The_Machine04"]
[Result "0-1"]
[WhiteElo "2634"]
[BlackElo "2815"]
[TimeControl "180+1"]
[EndTime "15:17:31 PST"]
[Termination "The_Machine04 won on time"]

1. e4 d6 2. d4 Nf6 3. Nc3 e5 4. Nf3 Nbd7 5. a4 c6 6. Bc4 Be7 7. O-O h6 8. Re1 Qc7 9. h3 Nf8 10. Qd3 g5 11. d5 Ng6 12. Be3 g4 13. hxg4 Bxg4 14. Nd2 h5 15. Bb3 h4 16. dxc6 bxc6 17. Nc4 Nh5 18. f3 Ngf4 19. Qd2 Be6 20. Rad1 Rd8 21.
Kh2 Rg8 22. Bxf4 Nxf4 23. Ne3 Rg3 24. Bxe6 fxe6 25. Ne2 Nxe2 26. Qxe2 Bg5 27. Ng4 Bf4 28. Kh1 Ke7 29. Nf2 Rdg8 30. Rg1 Qb6 31. Nh3 Be3 32. Rge1 Rxg2 33. Qxg2 Rxg2 34. Kxg2 Qxb2 35. Re2 d5 36. Rd3 d4 37. Rb3 Qc1 38. Rb7+ Kd6 39. Rb3 c5 40. Nf2 c4 41. Rb5 a6 42. Ra5 Ke7 43.
Rxa6 Kf6 44. Ng4+ Kg5 45. Nxe3 dxe3 46. Rxe6 Kf4 47. Rf6+ Kg5 48. Rf5+ Kg6 49. f4 exf4 50. Rxf4 Kg5 51. Rf3 Kg4 52. Rfxe3 Qa1 53. Rf2 Qxa4 54. e5 Qc6+ 55. Kg1 h3 56. e6 Qc5 57. Re4+ Kg3 0-1

[Event "Late-Titled-Tuesday-Blitz-February-27-2024"]
[Site "Chess.com"]
[Date "2024.02.27"]
[Round "7"]
[White "TomsKantans"]
[Black "stollenmonster"]
[Result "1-0"]
[WhiteElo "2687"]
[BlackElo "2855"]
[TimeControl "180+1"]
[EndTime "15:17:32 PST"]
[Termination "TomsKantans won by resignation"]

1. e4 c5 2. Nf3 Nf6 3. e5 Nd5 4. Nc3 e6 5. Nxd5 exd5 6. d4 Nc6 7. dxc5 Bxc5 8. Qxd5 d6 9. exd6 Qb6 10. Qe4+ Be6 11.
Qh4 f6 12. Bd3 O-O-O 13. O-O h5 14. Qa4 Bg4 15. Nd2 Ne5 16. Ne4 Nxd3 17. cxd3 Bd4 18. Bd2 Bd7 19. Qc4+ Kb8 20. Rac1 Bc6 21. b4 Be5 22. Be3 Qb5 23. Qc5 Qxc5 24. bxc5 Rhe8 25. f4 Bb2 26. Rb1 Bxe4 27. dxe4 Rxe4 28. Rxb2 Rxe3 29. Rfb1 b6 30. cxb6 a6 31. Rd2 Rc3 32. a4 a5 33.
Rd5 Rc6 34. Rxa5 Rdxd6 35. Rab5 Rd2 36. R5b2 Rc1+ 37. Rxc1 Rxb2 38. a5 Rb5 39. Ra1 Rb2 40. g3 g5 41. fxg5 fxg5 42. h4 g4 43. Ra3 Ka8 44.
Kf1 Kb8 45. Ke1 Ka8 46. Kd1 Kb8 47. Kc1 Rb5 48. Kc2 Kb7 49. a6+ Ka8 50. b7+ Ka7 51. Kc3 Rb6 52. Kc4 Rb1 53. Kd5 Rb5+ 54. Kc6 Rb1 55. Ra5 Rc1+ 56. Kd7 Rd1+ 57. Ke6 Re1+ 58. Kf5 Re3 59. Rb5 Re8 60. Kg5 Rb8 61.
Kxh5 Kxa6 62. Rb4 Ka5 63. Rb1 1-0

[Event "Late-Titled-Tuesday-Blitz-February-27-2024"]
[Site "Chess.com"]
[Date "2024.02.27"]
[Round "7"]
[White "MKlose11"]
[Black "Evgeny81"]
[Result "1-0"]
[WhiteElo "2619"]
[BlackElo "2761"]
[TimeControl "180+1"]
[EndTime "15:17:38 PST"]
[Termination "MKlose11 won on time"]

1. e4 Nf6 2. e5 Nd5 3. Nc3 Nxc3 4. dxc3 d6 5. Bf4 dxe5 6. Qxd8+ Kxd8 7. Bxe5 Nc6 8. Bg3 Bf5 9. O-O-O+ Kc8 10. Bb5 e6 11.
Bxc6 bxc6 12. Nf3 Bg4 13. Rd3 Bf5 14. Rd2 h5 15. Ne5 h4 16. Bf4 Bd6 17. g3 hxg3 18. Bxg3 Bxe5 19. Bxe5 f6 20. Bg3 e5 21. h4 Kb7 22. c4 Rad8 23. Rhd1 Rxd2 24. Rxd2 Rh6 25. b3 Rg6 26. Rd8 Rg4 27. Kd2 c5 28. c3 Bb1 29. a3 Kc6 30. Ra8 Kb7 31. Rd8 Bg6 32.
Rh8 Bf5 33. h5 Rg5 34. h6 gxh6 35. Rxh6 Bg6 36. Bh4 Rg2 37. Bg3 Bb1 38. Rxf6 Rg1 39. Bxe5 Ba2 40. b4 Bxc4 41. Rh6 Rf1 42. Bg3 Ra1 43.
Rh7 Ra2+ 44. Ke3 Rxa3 45. Rxc7+ Ka6 46. Rxc5 Bb5 47. Kd4 Rb3 48. Be5 Rb2 49. f4 Rd2+ 50. Ke4 Re2+ 51. Kf5 Bd3+ 52. Ke6 Rf2 53. Rc6+ Kb7 54.
Rc7+ Ka6 55. Rxa7+ Kb5 56. Rd7 Bf1 57. Rd6 Bh3+ 58.
Ke7 Ra2 59. Rd5+ Kc4 60. Rc5+ Kd3 61. b5 Ra7+ 62. Bc7 Bg2 63. b6 Ra4 64. f5 Re4+ 65. Re5 Rc4 66. f6 Rxc3 67. f7 1-0

[Event "Late-Titled-Tuesday-Blitz-February-27-2024"]
[Site "Chess.com"]
[Date "2024.02.27"]
[Round "7"]
[White "martinmena"]
[Black "Bala-Afiada"]
[Result "1-0"]
[WhiteElo "2244"]
[BlackElo "1903"]
[TimeControl "180+1"]
[EndTime "15:17:38 PST"]
[Termination "martinmena won by resignation"]

1. c4 Nf6 2. g3 c6 3. Bg2 d5 4. Nf3 e6 5. O-O Be7 6. d4 O-O 7. Qc2 Nbd7 8. b3 b6 9. Rd1 Bb7 10. Nc3 Rc8 11. Bb2 Qc7 12. e4 dxe4 13. Nxe4 Nxe4 14. Qxe4 c5 15. d5 Nf6 16. Qe5 exd5 17. cxd5 Qxe5 18. Nxe5 Bd6 19. Nc4 Rfd8 20. Nxd6 Rxd6 21.
Be5 Rdd8 22. Bxf6 gxf6 23. Rd2 Rd6 24. Rad1 Rcd8 25. f4 Kg7 26. Kf2 h6 27. Be4 Ba6 28. Ke3 Bc8 29. f5 Re8 30. Kf4 Ba6 31. g4 Re5 32. Bf3 Bb7 33. a4 a5 34. h4 Ba6 35.
Kg3 Re3 36. Kf2 Rxb3 37. Re1 Bc4 38. Re7 Rd3 39. Rxd3 Bxd3 40. Rc7 c4 41. Ke3 Bf1 42. Rc6 Rd7 43. Rxb6 c3 44. Rc6 c2 45. Rxc2 Ba6 46.
Rc6 Bb7 47. Rc5 Rd6 48. Rxa5 Bc8 49. Rc5 Bd7 50. a5 Ra6 51. Kd4 Ba4 52. Kc4 Bc2 53. Kb4 Bd3 54. Rc6 Ra7 55. d6 Rd7 56. Rb6 Be2 57. Bxe2 Rd8 58. a6 1-0

[Event "Late-Titled-Tuesday-Blitz-February-27-2024"]
[Site "Chess.com"]
[Date "2024.02.27"]
[Round "7"]
[White "ukchessbomber"]
[Black "GilbertoHernandezAmura"]
[Result "1-0"]
[WhiteElo "2643"]
[BlackElo "2449"]
[TimeControl "180+1"]
[EndTime "15:17:42 PST"]
[Termination "ukchessbomber won by resignation"]

1. a4 a5 2. Nf3 Nf6 3. b3 d6 4.
d4 Bg4 5. Nbd2 Nc6 6. h3 Bh5 7. g4 Bg6 8. e3 e5 9. Bb2 exd4 10. Nxd4 Nxd4 11. Bxd4 Be7 12. Bg2 c6 13. f4 h6 14.
O-O d5 15. f5 Bh7 16. e4 dxe4 17. Nxe4 Nxe4 18. Bxe4 O-O 19. Qd3 Bf6 20. Rad1 Re8 21. Rfe1 Bxd4+ 22. Qxd4 Qh4 23. Qd3 Rad8 24. Qf3 h5 25.
Kg2 Qg5 26. Rxd8 Rxd8 27. Rd1 hxg4 28. Rxd8+ Qxd8 29. hxg4 f6 30. Bd3 Kf8 31. Qe3 Qd5+ 32. Kf2 Bg8 33. Qb6 Qd6 34. Ke1 Bd5 35. Qxa5 Qg3+ 36.
Kd1 Qxg4+ 37. Kc1 Qg1+ 38. Kb2 Qd4+ 39. Ka2 b6 40. Qa8+ Kf7 41. Qb7+ Kg8 42. Qb8+ Kh7 43. Qh2+ Kg8 44. Qb8+ Kf7 45. Qc7+ Kg8 46. Qa7 Kh7 47. a5 Qa4+ 48. Kb2 Qxa5 49. Qc7 Qc5 50. Qh2+ Kg8 51. Qb8+ Kf7 52. Qc7+ Qe7 53. Qxb6 Be4 54. Bc4+ Bd5 55. Qxc6 Bxc4 56. Qxc4+ Kf8 57. Qc8+ Kf7 58. Qc4+ Kf8 59. Qd4 Qe5 60. Qxe5 fxe5 61. b4 Ke7 62. b5 Kd6 63.
c4 e4 64. Kc3 Ke5 65. b6 Kf4 66. b7 1-0

[Event "Late-Titled-Tuesday-Blitz-February-27-2024"]
[Site "Chess.com"]
[Date "2024.02.27"]
[Round "7"]
[White "ATM622"]
[Black "Akhayan"]
[Result "0-1"]
[WhiteElo "2518"]
[BlackElo "2440"]
[TimeControl "180+1"]
[EndTime "15:17:42 PST"]
[Termination "Akhayan won by resignation"]

1. d4 f5 2. c4 Nf6 3. Nf3 e6 4. g3 c6 5. Bg2 d5 6. O-O Bd6 7. Nbd2 O-O 8. Ne5 a5 9. Qc2 Qe7 10. b3 a4 11. Bb2 a3 12. Bc1 Na6 13. Ndf3 Ne4 14. c5 Bc7 15. Bd2 Bd7 16. Rab1 Be8 17. b4 Bh5 18. b5 cxb5 19. Rxb5 Bxe5 20. dxe5 Bxf3 21. exf3 Nxd2 22. Qxd2 Nxc5 23. Qb4 b6 24. Rxb6 Rfe8 25. Rc1 Nd3 26. Qxe7 Rxe7 27. Rcc6 Kf7 28.
f4 Nb2 29. Rxe6 Rxe6 30. Bxd5 Re8 31. Rd6 Na4 32. Kf1 Nc5 33. Rc6 Ne4 34. f3 Nd2+ 35. Ke2 Nb1 36. Kd3 Rd8 37. Kc4 Rxd5 38. Kxd5 Rxc6 39.
Kxc6 Ke6 40. g4 g6 41. Kc5 Nc3 42. Kc4 Nxa2 43. Kb3 Nc1+ 44. Kxa3 Nd3 45. Kb3 Nxf4 46. Kc4 Kxe5 47. Kc3 fxg4 48. fxg4 Nh3 49. Kd2 Kf4 50. g5 Nxg5 51. Ke2 Nf3 52. Kf2 Nxh2 53. Kg2 Ng4 54.
Kh3 h5 55. Kh4 Nf6 56. Kh3 g5 57. Kg2 g4 58. Kh2 h4 59. Kg2 g3 60. Kh3 Kf3 61.
Kxh4 g2 62. Kg5 g1=Q+ 63. Kxf6 Qc5 64. Ke6 Kf4 65. Kd7 Qb6 66. Ke7 Qc6 67. Kf7 Qd6 68.
Ke8 Qc7 69. Kf8 Kf5 70. Kg8 Kg6 0-1

[Event "Late-Titled-Tuesday-Blitz-February-27-2024"]
[Site "Chess.com"]
[Date "2024.02.27"]
[Round "7"]
[White "Zhigalko_Sergei"]
[Black "Hrant_ChessMood"]
[Result "0-1"]
[WhiteElo "2894"]
[BlackElo "3009"]
[TimeControl "180+1"]
[EndTime "15:17:43 PST"]
[Termination "Hrant_ChessMood won on time"]

1. e4 c6 2. d4 d5 3. e5 Bf5 4. Nf3 e6 5. Be2 Ne7 6. O-O Bg6 7. Nbd2 Nf5 8. Nb3 Nd7 9. a4 a6 10. a5 c5 11. c4 dxc4 12. Bxc4 Nxd4 13. Nbxd4 cxd4 14.
Qxd4 Bc5 15. Qf4 O-O 16. Rd1 Qc7 17. Bd3 Rfd8 18. Bxg6 hxg6 19. Be3 Bxe3 20. Qxe3 Nf8 21. Rdc1 Qe7 22. h4 Rd5 23. Rc4 Rad8 24. b4 f6 25.
Rac1 Rd1+ 26. Rxd1 Rxd1+ 27. Kh2 Rd5 28. Rc8 Rd8 29. Rc4 Rd5 30. g3 Rd1 31. Kg2 Qd7 32. Rc1 Rxc1 33. Qxc1 Qd5 34. Qe3 Kf7 35. Kh2 Nd7 36.
exf6 gxf6 37. Qf4 Ke7 38. Qe3 e5 39. Nd2 Qd4 40. Qxd4 exd4 41. g4 Ne5 42. Kg3 Nc6 43. Kf4 Nxb4 44. h5 gxh5 45. gxh5 Nc6 46. Nb3 Kf7 47.
Ke4 Kg7 48. Kf5 d3 49. Ke4 Nxa5 50. Nd2 Kh6 51. Kxd3 Kxh5 52. Kd4 Kg4 53. Kc5 b5 54. Ne4 f5 55. Nf6+ Kf3 56. Kb6 Nc4+ 57. Kxa6 b4 58. Nd5 b3 59. Nc3 Kxf2 0-1

[Event "Late-Titled-Tuesday-Blitz-February-27-2024"]
[Site "Chess.com"]
[Date "2024.02.27"]
[Round "7"]
[White "ural58"]
[Black "Charodej1"]
[Result "1-0"]
[WhiteElo "2489"]
[BlackElo "2306"]
[TimeControl "180+1"]
[EndTime "15:17:43 PST"]
[Termination "ural58 won by resignation"]

1. e4 e5 2. f4 d5 3. exd5 e4 4. d3 Qxd5 5. Qe2 Nf6 6. Nc3 Bb4 7. Bd2 Bxc3 8. Bxc3 Bg4 9. dxe4 Qxe4 10. Qxe4+ Nxe4 11. Bxg7 Rg8 12. Be5 Nc6 13. Nf3 f6 14. Bc3 Nxc3 15. bxc3 Bxf3 16. gxf3 O-O-O 17. Bd3 h6 18. O-O-O Rg2 19.
Rhg1 Rdg8 20. Rxg2 Rxg2 21. Bf5+ Kb8 22. h3 Rf2 23.
Bg4 f5 24. Re1 a6 25. Bxf5 Rxf3 26. Re4 Rxc3 27. Kd2 Ra3 28. Be6 Rg3 29. Bg4 h5 30.
Bxh5 Rxh3 31. Be8 Rh2+ 32. Kc3 Rh3+ 33. Kb2 Kc8 34. f5 Rf3 35. Bh5 Rf2 36. Bg4 Kd8 37.
f6 Rxf6 38. Bh5 Rd6 39. Re8+ Kd7 40. Rh8 Rd4 41. Be8+ Kd6 42. Rh7 Kc5 43. Rxc7 Kb6 44. Rh7 Rd8 45. Bh5 Rd5 46. Bf3 Re5 47. a3 Rb5+ 48.
Ka2 Rf5 49. Be4 Re5 50. Bd3 Rd5 51. Kb3 Rc5 52. c4 Rg5 53. Rh3 a5 54. Kc3 Rc5 55.
Be4 Re5 56. Bd5 Re1 57. Rh5 Rc1+ 58. Kd2 Ra1 59. Rh3 Ra2+ 60. Kc1 Ra1+ 61. Kc2 Rg1 62.
Rh5 Rf1 63. c5+ Kc7 64. Rh7+ Kb8 65. Kb3 Rf2 66. Ka4 Rf5 67. Rd7 Kc8 68. Be6 Rf4+ 69. Rd4+ Kc7 70. Rxf4 1-0

[Event "Late-Titled-Tuesday-Blitz-February-27-2024"]
[Site "Chess.com"]
[Date "2024.02.27"]
[Round "7"]
[White "GianmarcoVaR"]
[Black "Bugcrusher"]
[Result "0-1"]
[WhiteElo "2694"]
[BlackElo "2592"]
[TimeControl "180+1"]
[EndTime "15:17:50 PST"]
[Termination "Bugcrusher won by checkmate"]

1. e4 c6 2. d4 d5 3. Nc3 dxe4 4. Nxe4 Nf6 5. Nxf6+ exf6 6. c3 Bd6 7. Bd3 O-O 8. Ne2 Re8 9. O-O h5 10. Nf4 h4 11. Qh5 Bxf4 12. Qh7+ Kf8 13. Bxf4 g5 14.
Rae1 Be6 15. Qh6+ Ke7 16. Rxe6+ Kxe6 17. Re1+ Kd7 18. Bf5+ Re6 19. Qh7 Qe7 20. Be3 Na6 21.
c4 Nc7 22. d5 cxd5 23. cxd5 Nxd5 24. Rd1 Kc6 25. Bxe6 fxe6 26. Qc2+ Kd7 27. Qa4+ Kd8 28. Bb6+ axb6 29. Qxa8+ Kc7 30. Rc1+ Kd6 31. Qb8+ Kd7 32. Qxb7+ Ke8 33. Qc8+ Kf7 34. a3 Qd6 35. g3 h3 36.
Qh8 Kg6 37. Qg8+ Kf5 38. Qh7+ Kg4 39. Qe4+ Kh5 40. Rc8 f5 41. Rh8+ Kg6 42. Qd4 e5 43. Qd1 g4 44. Qd2 f4 45. Qd3+ Kf7 46. Qh7+ Ke6 47.
Qg8+ Kf5 48. Qf7+ Ke4 49. Qg6+ Kd4 50. Qxg4 Qc6 51. Qd1+ Ke4 52. Qe2+ Kd4 53. Qd2+ Ke4 54. Re8 Qxe8 55. f3+ Kxf3 56. Qxd5+ e4 57. Qb3+ e3 58. Qd5+ Ke2 59. Qc4+ Kf3 60. Qd5+ Kg4 61. Qd1+ e2 62.
Qe1 Qe3+ 63. Qf2 e1=Q# 0-1